 Dungeon Crawl Stone Soup version 0.30-a0-373-gd37427bb62 (webtiles) character file.

Game seed: 2150119045920113355

9 sanka the Poker (level 2, 22/22 HPs)
             Began as a Demonspawn Reaver on Nov 23, 2022.
             Quit the game on level 1 of the Dungeon.
             The game lasted 00:01:04 (332 turns).

sanka the Poker (Demonspawn Reaver)                  Turns: 332, Time: 00:01:05

Health: 22/22      AC:  3    Str: 12    XL:     2   Next: 3%
Magic:  5/5        EV: 11    Int: 14    God:
Gold:   59         SH:  0    Dex: 11    Spells: 4/5 levels left

rFire   . . .      SeeInvis .    a - +0 spear
rCold   . . .      Faith    .    (no shield)
rNeg    . . .      Spirit   .    b - +0 leather armour
rPois   .          Reflect  .    (no helmet)
rElec   .          Harm     .    (no cloak)
rCorr   .          Rampage  .    (no gloves)
Will    .....                    (no boots)
Stlth   +.........               (no amulet)
HPRegen 0.23/turn                (no ring)
MPRegen 0.09/turn                (no ring)

@: no status effects
A: demonic magic 1
a: no special abilities


You were on level 1 of the Dungeon.
You visited 1 branch of the dungeon, and saw 1 of its levels.

You collected 59 gold pieces.


Innate Abilities, Weirdness & Mutations

Spells you cast may paralyse adjacent enemies.


   Skills:
 - Level 2.0 Fighting
 + Level 3.2 Polearms
 - Level 1.7 Dodging
 - Level 2.0 Spellcasting
 - Level 3.0 Conjurations


You had 4 spell levels left.
You knew the following spells:

 Your Spells              Type           Power      Damage    Failure   Level
y - Kiss of Death         Conj/Necr      20%        2d7       16%         1

Your spell library contained the following spells:

 Spells                   Type           Power      Damage    Failure   Level
 Momentum Strike          Conj/Tloc      10%        3d8       24%         2
 Hailstorm                Conj/Ice       5%         3d4       43%         3
 Gell's Gravitas          Tloc           1%         N/A       65%         3
 Teleport Other           Tloc           1%         N/A       65%         3
 Dispersal                Tloc           0%         N/A       100%        6

Inventory:

Hand Weapons
 a - a +0 spear (weapon)
Missiles
 h - 3 curare-tipped darts {=f}
Armour
 b - a +0 leather armour (worn)
Magical Staves
 f - a staff of poison
Scrolls
 c - a scroll of poison {unknown}
 e - a scroll of fear {unknown}
 g - a scroll of butterflies {unknown}
Potions
 d - a potion of resistance {unknown}
 i - a potion of invisibility {unknown}

Dungeon Overview and Level Annotations

Branches:
Dungeon (1/15)

Altars:

▒▒ ▒▒▒ ▒▒.▒ ..▒▒
▒▒▒▒...▒▒ ▒..▒
▒▒▒▒..▒....▒
▒▒.▒▒▒▒▒▒▒▒..........▒
▒............▒.▒....▒
▒▒▒.........▒..6)▒
▒.........▒..▒▒......
▒...........▒▒▒......
▒.)..................
▒..>.......▒▒▒.......
▒▒▒.........▒▒ ......
▒▒...........▒ ... .
▒..▒.........▒ ..
▒.▒▒▒▒▒▒▒▒..▒▒▒ .


There were no monsters in sight!


Message History

a +0 club; a goblin corpse
Found a stone staircase leading down.
A kobold comes into view. It is wielding a +0 short sword.
The kobold shouts!
A kobold is nearby!
You reach to attack!
You closely miss the kobold. You barely miss the kobold.
The kobold hits you with a +0 short sword.
You barely miss the kobold.
The kobold hits you with a +0 short sword.
You hit the kobold.
You kill the kobold!
No target in view!
No target in view!
You start resting.
HP restored.
Found 10 gold pieces.
You now have 59 gold pieces (gained 10).
A goblin comes into view. It is wielding a +0 club.
A goblin is nearby!
A goblin is nearby!
You reach to attack!
You miss the goblin. You hit the goblin.
You kill the goblin!
You have reached level 2!
Your demonic ancestry asserts itself...
A menacing aura infuses your magic.
Are you sure you want to abandon this character and quit the game? (Confirm with "yes".)

Action                   || total
-------------------------++-------
Melee: Spear             ||    34
       Punch             ||     1
Armor: Leather armour    ||     8
Dodge: Dodged            ||    24

Levels and vault maps discovered:
D:1:      eino_arrival_druids_welcome, layout_rooms, serial_bayou_pond_d

Notes
Turn   | Place    | Note
-------+----------+-------------------------------------------
     0 | D:1      | sanka the Demonspawn Reaver began the quest for the Orb.
     0 | D:1      | Reached XP level 1. HP: 16/16 MP: 3/3
   138 | D:1      | Reached skill level 3 in Polearms
   332 | D:1      | Gained mutation: Spells you cast may paralyse adjacent
                  | enemies. [demonic ancestry]
   332 | D:1      | Reached XP level 2. HP: 22/22 MP: 5/5
   332 | D:1      | Quit the game

Vanquished Creatures
  A giant cockroach (D:1)
  2 goblins (D:1)
  A hobgoblin (D:1)
  2 kobolds (D:1)
  A quokka (D:1)
7 creatures vanquished.
